 Dungeon Crawl Stone Soup version 0.29-a0-378-gc08b2e8bf8 (webtiles) character file.

Game seed: 2782694629666017245

86 bande the Covered (level 4, -3/29 HPs)
             Began as a Gargoyle Fighter on May 5, 2022.
             Killed from afar by Ijyb (17 damage)
             ... with a bolt of acid
             ... on level 3 of the Dungeon.
             The game lasted 00:03:15 (2260 turns).

bande the Covered (Gargoyle Fighter)                Turns: 2260, Time: 00:03:16

Health: -3/29      AC: 14    Str: 20    XL:     4   Next: 49%
Magic:  4/4        EV:  7    Int: 14    God:
Gold:   122        SH:  4    Dex: 11    Spells: 3/3 levels left

rFire   . . .      SeeInvis .   a - +0 war axe
rCold   . . .      Faith    .   c - +0 buckler
rNeg    + . .      Spirit   .   j - +0 chain mail
rPois   ∞          Reflect  .   o - +0 helmet
rElec   +          Harm     .   (no cloak)
rCorr   .          Rampage  .   (no gloves)
Will    .....                   (no boots)
Stlth   ..........              (no amulet)
HPRegen 0.09/turn               i - +6 ring of intelligence
MPRegen 0.09/turn               (no ring)

@: no status effects
A: sickness immunity, AC +3, negative energy resistance 1, electricity
resistance, torment resistance 1, petrification resistance
a: no special abilities


You were on level 3 of the Dungeon.
You visited 1 branch of the dungeon, and saw 3 of its levels.

You collected 122 gold pieces.

Inventory:

Hand Weapons
 a - a +0 war axe (weapon)
Armour
 c - a +0 buckler (worn)
 j - a +0 chain mail (worn)
 o - a +0 helmet (worn)
Jewellery
 i - a +6 ring of intelligence (left hand)
Potions
 d - 2 potions of might
 e - 3 potions of magic
 m - a potion of invisibility {unknown}
 n - 2 potions of curing {unknown}


   Skills:
 + Level 3.8 Fighting
 + Level 2.8 Axes
 + Level 4.2 Armour
 + Level 3.6 Shields


You had 3 spell levels left.
You didn't know any spells.
Your spell library contained the following spells:

 Spells                   Type           Power      Damage    Failure   Level
 Wereblood                Tmut           0%         N/A       99%         2
 Fulminant Prism          Conj/Hex       0%         3d6       100%        4
 Iskenderun's Mystic Bla  Conj/Tloc      0%         2d3       100%        4
 Lee's Rapid Deconstruct  Erth           0%         3d5*      100%        5
 Summon Hydra             Summ           0%         N/A       100%        7
 Sublimation of Blood     Necr           Unusable   N/A       N/A         2

Dungeon Overview and Level Annotations

Branches:
Dungeon (3/15)

Altars:
Yredelemnul

Annotations:
D:3 Ijyb


Innate Abilities, Weirdness & Mutations

You are immune to sickness and miasma.
Your stone body is resilient. (AC +3)
You are immune to poison.
You resist negative energy. (rN+)
You are resistant to electric shocks. (rElec)
You are resistant to unholy torment.
You are immune to petrification.


Message History

You kill the orc!
No target in view!
No target in view!
No target in view!
No target in view!
Things that are here:
a +0 dagger; an orc corpse
As you read the scroll labelled UDGHUH KUNIGOAQ, it crumbles to dust.
You feel aware of your surroundings.
It was a scroll of magic mapping.
Blink to where?
Press: ? - help, Dir - move target
As you read the scroll labelled HUBOKK IX TUNEVERGH, it crumbles to dust.
It was a scroll of blinking.
Ijyb the Twisted Goblin comes into view.
She is wielding a +0 club, wearing a +0 leather armour of cold resistance and carrying a wand of acid (12).
Found 11 gold pieces.
Ijyb shouts!
Ijyb is nearby!
Ijyb is nearby!
You hit Ijyb.
Ijyb is moderately wounded.
Ijyb hits you but does no damage.
You slash Ijyb!
Ijyb is heavily wounded.
Ijyb zaps a wand.
The bolt of acid hits you!
Ouch! That really hurt!
You are too injured to fight recklessly!
You are too injured to fight recklessly!
You are too injured to fight recklessly!
You are too injured to fight recklessly!
You are too injured to fight recklessly!
You are too injured to fight recklessly!
You are too injured to fight recklessly!
You are too injured to fight recklessly!
You are too injured to fight recklessly!
You are too injured to fight recklessly!
You closely miss Ijyb.
Ijyb is heavily wounded.
Ijyb hits you but does no damage.
Ijyb zaps a wand.
The bolt of acid hits you!
Ouch! That really hurt!
You die...

#.###############
****** #.# *##
*,,,,, #.# *.#
*,**** #.# *.#
*,* #.# *$# *,*
#.# *.# *,* #.#
*.# *,*
#.########g# *,*
#...)....@.# *,*
############ *,*
*<* ***


You could see Ijyb.

Vanquished Creatures
  3 adders (D:2)
  A white imp (D:3)
  A dart slug (D:1)
  2 orcs (D:3)
  4 endoplasms
  A giant cockroach (D:1)
  4 goblins
  A hobgoblin (D:1)
  8 kobolds
  7 ball pythons
  6 bats
  3 frilled lizards
  6 rats
  A spectral orc (D:3)
48 creatures vanquished.

Notes
Turn   | Place    | Note
-------+----------+-------------------------------------------
     0 | D:1      | bande the Gargoyle Fighter began the quest for the Orb.
     0 | D:1      | Reached XP level 1. HP: 14/14 MP: 1/1
   246 | D:1      | Reached XP level 2. HP: 19/19 MP: 2/2
   746 | D:1      | Reached XP level 3. HP: 22/24 MP: 3/3
  1124 | D:2      | Found a faded altar of an unknown god.
  1124 | D:2      | Noticed a Brimstone Fiend
  1223 | D:2      | Reached skill level 4 in Armour
  1498 | D:2      | Reached XP level 4. HP: 29/29 MP: 4/4
  2158 | D:3      | Found a basalt altar of Yredelemnul.
  2257 | D:3      | Noticed Ijyb
  2260 | D:3      | Killed from afar by Ijyb

Illustrated notes

Levels and vault maps discovered:
D:1:      beargit_arrival_diablo_church, layout_basic
D:2:      layout_basic, dreamdust_ecumenical_altar_sealed_demon
D:3:      layout_basic, yredelemnul_forgotten_temple_becter, minmay_surrounded,
          uniq_ijyb

Skill      XL: |  1  2  3 |
---------------+----------+-----
Axes           | 2 |  2.8
Armour         | 4 |  4.2
Fighting       | |  3.8
Shields        | |  3.6

Action                   |  1- 3 |  4- 6 || total
-------------------------+-------+-------++-------
Melee: War axe           |    62 |    51 ||   113
  Use: Scroll            |     6 |     4 ||    10
Armor: Scale mail        |    18 |       ||    18
       Chain mail        |    18 |    45 ||    63
Dodge: Dodged            |    25 |    25 ||    50
Block: Buckler           |    12 |    14 ||    26

Table legend: (Time is in decaauts)
 A = Elapsed time spent in this place.
 B = Non-inter-level travel time spent in this place.
 C = Inter-level travel time spent in this place.
 D = Time resting spent in this place.
 E = Time spent auto-exploring this place.
 F = Levels seen in this place.
 G = Mean time per level.
                   A        B        C        D        E       F      G
               +--------+--------+--------+--------+--------+-----+--------+
         Total |   2306 |   2285 |     21 |    133 |   1723 |   3 |  768.7 |
       Dungeon |   2306 |   2285 |     21 |    133 |   1723 |   3 |  768.7 |
               +--------+--------+--------+--------+--------+-----+--------+

Top non-repeatable levels by time:
     D:1: 863 daAuts
     D:2: 842 daAuts
     D:3: 600 daAuts
